 Dungeon Crawl Stone Soup version 0.21-a0-221-gfe971b9 (webtiles) character file.

15869 motkurip the Black Sun (level 12, -5/85 HPs)
             Began as an Octopode Necromancer on Aug 27, 2017.
             Was a High Priest of Kikubaaqudgha.
             Hit by a tomahawk thrown by an orc warrior (20 damage)
             ... on level 1 of the Orcish Mines.
             The game lasted 00:51:58 (12524 turns).

motkurip the Black Sun (Octopode Necromancer)      Turns: 12524, Time: 00:51:59

Health: -5/85      AC:  1    Str:  8    XL:     12   Next: 31%
Magic:  13/22      EV: 22    Int: 24    God:    Kikubaaqudgha [*****.]
Gold:   629        SH:  0    Dex: 22    Spells: 6/24 levels left

rFire    x . .     SeeInvis .   K - +7 flail "Dragon's Doom" {flame, rF- Int+6 Dex+6}
rCold    . . .     Gourm    .   (no shield)
rNeg     . . .     Faith    .   (helmet restricted)
rPois    +         Spirit   .   D - amulet of magic regeneration
rElec    .         Reflect  .   T - ring of poison resistance
rCorr    .         Harm     .   (no ring)
MR       .....                  (no ring)
Stlth    ++++......             (no ring)
HPRegen  0.24/turn              (no ring)
MPRegen  0.43/turn              (no ring)
                                (no ring)
                                (no ring)

@: death channel, very slightly contaminated, invisible
A: almost no armour, stealthy swim, amphibious, 8 rings, constrict 8, camouflage
1, gelatinous body 1
a: Receive Corpses, Torment, Renounce Religion


You were on level 1 of the Orcish Mines.
You worshipped Kikubaaqudgha.
Kikubaaqudgha was extremely pleased with you.
You were hungry.

You visited 3 branches of the dungeon, and saw 14 of its levels.
You also visited: Sewer.

You collected 741 gold pieces.
You spent 112 gold pieces at shops.

Inventory:

Hand Weapons
 K - the +7 flail "Dragon's Doom" (weapon) {flame, rF- Int+6 Dex+6}
   (You found it on level 7 of the Dungeon)

   It has been specially enchanted to burn those struck by it, causing extra
   injury to most foes and up to half again as much damage against particularly
   susceptible opponents.
   It affects your intelligence (+6).
   It affects your dexterity (+6).
   It makes you vulnerable to fire.
 U - a +2 dagger of venom
Missiles
 A - 5 javelins of penetration (quivered)
Armour
 d - a +0 large shield
Jewellery
 l - an uncursed ring of ice
 D - an amulet of magic regeneration (around mantle)
 T - a ring of poison resistance (left tentacle)
Wands
 E - a wand of disintegration (8/24)
 G - a wand of flame (3/48)
 L - a wand of paralysis (0/24)
 M - a wand of acid (0/15)
 N - a wand of confusion (19/48)
 R - a wand of polymorph (11/24)
 W - a wand of disintegration (12/24)
 Z - a wand of acid (6/15)
Scrolls
 h - a scroll of recharging
 m - a scroll of identify
 n - 3 scrolls of fog
 p - 2 scrolls of fear
 q - a scroll of torment {unknown}
 t - 2 scrolls of remove curse
 w - 3 scrolls of enchant armour
 z - 2 scrolls of immolation
 B - 4 scrolls of amnesia {unknown}
 H - 2 scrolls of enchant weapon {unknown}
 J - 6 scrolls of teleportation
Potions
 c - 2 potions of might
 i - 2 potions of degeneration
 j - a potion of heal wounds {unknown}
 u - 4 potions of brilliance
 v - 2 potions of lignification
 F - 3 potions of mutation
 I - 3 potions of curing
 V - 2 potions of flight {unknown}
Books
 a - a book of Necromancy

   Spells                             Type                      Level
   a - Pain                           Necromancy                   1
   b - Animate Skeleton               Necromancy                   1
   c - Vampiric Draining              Necromancy                   3
   d - Regeneration                   Charms/Necromancy            3
   e - Animate Dead                   Necromancy                   4
   f - Control Undead                 Necromancy                   4
 e - a book of the Tempests

   Spells                             Type                      Level
   a - Static Discharge               Conjuration/Air              3
   b - Lightning Bolt                 Conjuration/Air              5
   c - Ignition                       Fire                         8
   d - Tornado                        Air                          9
   e - Shatter                        Earth                        9
 g - Kikubaaqudgha's Almanac of Unholy Rituals
   (Kikubaaqudgha gifted it to you on level 5 of the Dungeon)

   Spells                             Type                      Level
   a - Pain                           Necromancy                   1
   b - Corpse Rot                     Necromancy                   2
   c - Sublimation of Blood           Necromancy                   2
   d - Vampiric Draining              Necromancy                   3
   e - Control Undead                 Necromancy                   4
 k - a book of Flames

   Spells                             Type                      Level
   a - Flame Tongue                   Conjuration/Fire             1
   b - Throw Flame                    Conjuration/Fire             2
   c - Conjure Flame                  Conjuration/Fire             3
   d - Inner Flame                    Hexes/Fire                   3
   e - Sticky Flame                   Conjuration/Fire             4
   f - Fireball                       Conjuration/Fire             5
 o - a book of the Sky

   Spells                             Type                      Level
   a - Summon Lightning Spire         Summoning/Air                4
   b - Silence                        Hexes/Air                    5
   c - Deflect Missiles               Charms/Air                   6
   d - Conjure Ball Lightning         Conjuration/Air              6
   e - Tornado                        Air                          9
 x - a book of Callings

   Spells                             Type                      Level
   a - Summon Small Mammal            Summoning                    1
   b - Call Imp                       Summoning                    2
   c - Call Canine Familiar           Summoning                    3
   d - Summon Guardian Golem          Hexes/Summoning              3
   e - Summon Lightning Spire         Summoning/Air                4
   f - Summon Ice Beast               Ice/Summoning                4
 P - Sif Muna's Reference Book on Weightlessness
   (You found it on level 7 of the Dungeon)

   Spells                             Type                      Level
   a - Shock                          Conjuration/Air              1
 Q - Kikubaaqudgha's Guide on Unholy Rites
   (Kikubaaqudgha gifted it to you on level 9 of the Dungeon)

   Spells                             Type                      Level
   a - Agony                          Necromancy                   5
   b - Cigotuvi's Embrace             Necromancy                   5
   c - Dispel Undead                  Necromancy                   5
   d - Simulacrum                     Ice/Necromancy               6
   e - Death Channel                  Necromancy                   6
Comestibles
 b - 8 bread rations
 f - 3 chunks of flesh
 s - 4 meat rations


   Skills:
 - Level 9.1 Fighting
 - Level 9.2 Dodging
 - Level 5.3 Stealth
 - Level 6.2 Unarmed Combat
 + Level 6.7 Spellcasting
 * Level 11.9 Necromancy


You had 6 spell levels left.
You knew the following spells:

 Your Spells              Type           Power        Failure   Level  Hunger
a - Control Undead        Necr           ######....   1%          4    ###....
d - Death Channel         Necr           ######....   9%          6    ######.
f - Pain                  Necr           ####         1%          1    None
k - Animate Skeleton      Necr           N/A          1%          1    None
r - Regeneration          Chrm/Necr      #####.....   1%          3    None
v - Vampiric Draining     Necr           ######....   1%          3    None


Dungeon Overview and Level Annotations

Branches:
Dungeon (12/15)            Temple (0/1) D:6            Lair (1/6) D:11
    Orc (1/2) D:11

Altars:
Cheibriados
Fedhas
Gozag
Kikubaaqudgha
Makhleb
Nemelex Xobeh
Ru
Sif Muna
Trog
Uskayaw
Vehumet
Wu Jian
Xom
Yredelemnul

Shops:
D:10 **

Annotations:
D:9 exclusion: downstairs, aaab's ghost, novice DsBe
D:10 Gastronok
D:11 exclusion: downstairs
D:12 exclusions: cyclops, door and 1 more exclusion


Innate Abilities, Weirdness & Mutations

You cannot wear most types of armour.
You are very stealthy in the water. (Stealth+)
You are amphibious.
You can wear up to eight rings at the same time.
You can use your tentacles to constrict eight enemies at once.
Your skin changes colour to match your surroundings (Stealth+).
Your rubbery body absorbs attacks. (AC +1, EV +1)


Message History

Kikubaaqudgha accepts your kill.
A glowing mist starts to gather...
You feel life coursing into your body.
Your spectral orc wizard hits the orc warrior but does no damage.
Something hits your spectral orc.
Your spectral troll barely misses the orc warrior.
Your spectral troll claws the orc warrior but does no damage.
Your spectral troll misses the orc warrior.
The orc warrior hits your spectral orc wizard with a short sword!
The orc warrior throws a tomahawk.
The tomahawk hits your spectral troll!
Your spectral orc hits something.
Your spectral orc wizard hits the orc warrior but does no damage.
Something hits your spectral orc wizard but does no damage.
Your spectral troll bites the orc warrior.
Your spectral troll barely misses the orc warrior.
Your spectral troll claws the orc warrior.
The orc warrior hits your spectral troll with a short sword!
Your spectral troll is destroyed!
The orc warrior throws a tomahawk.
The tomahawk hits you!!
You die...
Kikubaaqudgha rasps: "You have failed me!
Welcome... death!"

...... #.... ....##
######..#.###
##..##.......#
#........#....
##....#....#
#...<%.....#
##...@Z...##
#..........#
#..........###
#..........(o#
##.........Zoo#
#....>....ZZ{o...
#......#...##o....#
#...$....... .oo.##
.......... ....#


You could see 3 orc warriors, 2 orcs, 2 friendly spectral orcs, a friendly
spectral orc wizard and a friendly spectral orc sorcerer.

Vanquished Creatures
  A two-headed ogre (D:6)
  Sonja (D:11)
  An orc knight (D:11)
  An oklob plant (D:11)
  Psyche (D:12)
  A gargoyle (D:10)
  A kobold demonologist (D:10)
  3 trolls
  2 hornets
  A hippogriff (D:7)
  Sigmund (D:4)
  A wyvern (D:8)
  2 wraiths (D:11)
  8 yaks (D:10)
  Grum (D:11)
  A hungry ghost (D:11)
  A warg (D:11)
  A porcupine (Lair:1)
  7 orc warriors
  3 sky beasts
  An eye of draining (D:10)
  4 ice beasts
  A black bear (D:11)
  A wolf (D:11)
  3 centaurs
  7 ogres
  3 phantoms
  2 crocodiles (Lair:1)
  7 bullfrogs
  2 big kobolds
  5 killer bees
  A wight (D:12)
  A howler monkey (D:10)
  7 crimson imps
  2 centaur zombies
  7 orc priests
  A jelly (D:8)
  2 bullfrog zombies
  A centaur skeleton (D:5)
  5 hounds
  Jessica (D:2)
  4 iguanas
  7 worker ants
  14 orc wizards
  A hound skeleton (D:5)
  2 gnolls (D:10)
  14 adders
  4 shadow imps
  6 oozes (Sewer)
  3 adder skeletons
  2 worms
  A dart slug (D:3)
  15 leopard geckos
  23 orcs
  5 bats
  12 giant cockroaches
  4 hobgoblins
  4 jackals
  6 quokkas
  13 ball pythons
  10 frilled lizards
  12 goblins
  A jackal skeleton (D:5)
  13 kobolds
  A quokka skeleton (D:4)
  11 rats
  2 plants
293 creatures vanquished.

Vanquished Creatures (collateral kills)
  Josephine (D:11)
  2 hydras (D:12)
  A two-headed ogre (D:12)
  A tengu warrior (D:12)
  An orc sorcerer (Orc:1)
  2 ugly things (D:11)
  2 manticores
  A gargoyle (D:10)
  A spiny frog (Lair:1)
  A hippogriff (D:11)
  4 wraiths (D:11)
  A wyvern (D:11)
  A hungry ghost (D:12)
  2 porcupines (Lair:1)
  A phantom (D:12)
  An ogre (D:11)
  A wolf (D:11)
  A crocodile (Lair:1)
  3 bullfrogs
  A gnoll sergeant (D:10)
  A scorpion (D:9)
  4 killer bees
  3 wights (D:12)
  A crimson imp (D:9)
  A centaur zombie (D:12)
  A jelly (D:11)
  2 orc priests (D:11)
  2 orc wizards
  A worker ant (D:9)
  A gnoll (D:10)
  4 leopard geckos
  5 orcs
  2 ball pythons (Sewer)
  A quokka (D:11)
  A frilled lizard (Sewer)
  6 plants
65 creatures vanquished.

Vanquished Creatures (others)
  A human (D:3)
  A wight (D:12)
  An adder (D:7)
  A bush (Lair:1)
  6 plants
10 creatures vanquished.

Grand Total: 368 creatures vanquished

Notes
Turn   | Place    | Note
-------+----------+-------------------------------------------
     0 | D:1      | motkurip the Octopode Necromancer began the quest for the Orb.
     0 | D:1      | Reached XP level 1. HP: 11/11 MP: 3/3
     2 | D:1      | Learned a level 1 spell: Animate Skeleton
   864 | D:1      | Reached XP level 2. HP: 17/17 MP: 5/5
  1151 | D:2      | Noticed Jessica
  1153 | D:2      | Killed Jessica
  1153 | D:2      | Reached skill level 5 in Necromancy
  1153 | D:2      | Reached XP level 3. HP: 16/21 MP: 3/6
  1168 | D:2      | Learned a level 3 spell: Vampiric Draining
  1203 | D:2      | Found a basalt altar of Yredelemnul.
  1582 | D:2      | Found a burning altar of Makhleb.
  1587 | D:2      | Reached skill level 1 in Fighting
  1587 | D:2      | Reached skill level 1 in Unarmed Combat
  1587 | D:2      | Reached XP level 4. HP: 24/28 MP: 3/7
  2056 | D:3      | Found a glowing drain.
  2080 | Sewer    | Entered a sewer
  2127 | Sewer    | Reached XP level 5. HP: 32/34 MP: 8/8
  2684 | D:3      | Reached XP level 6. HP: 29/41 MP: 9/9
  2961 | D:3      | Noticed a dagger
  2961 | D:3      | Noticed a hand axe
  2975 | D:3      | Found a hide-covered altar of Uskayaw.
  3169 | D:3      | Found an ancient bone altar of Kikubaaqudgha.
  3169 | D:3      | Noticed a human
  3172 | D:3      | Became a worshipper of Kikubaaqudgha
  3173 | D:3      | Killed a human
  3470 | D:4      | Noticed Sigmund
  3643 | D:4      | Killed Sigmund
  3643 | D:4      | Reached skill level 5 in Stealth
  3643 | D:4      | Reached XP level 7. HP: 46/46 MP: 10/10
  3648 | D:4      | Found a bloodstained altar of Trog.
  4038 | D:4      | Found a radiant altar of Vehumet.
  4050 | D:4      | Found a blossoming altar of Fedhas.
  4051 | D:4      | Found an ornate altar of the Wu Jian Council.
  4053 | D:4      | Found a snail-covered altar of Cheibriados.
  4075 | D:4      | Found a shimmering altar of Xom.
  4098 | D:5      | Entered Level 5 of the Dungeon
  4178 | D:5      | Found a sacrificial altar of Ru.
  4206 | D:5      | Reached * piety under Kikubaaqudgha
  4206 | D:5      | Identified Kikubaaqudgha's Almanac of Unholy Rituals (Kikubaaqudgha gifted it to you on level 5 of the Dungeon)
  4206 | D:5      | Received a gift from Kikubaaqudgha
  4216 | D:5      | Learned a level 4 spell: Control Undead
  4282 | D:5      | Reached XP level 8. HP: 39/54 MP: 9/11
  4652 | D:5      | Reached skill level 5 in Dodging
  4671 | D:5      | Reached skill level 6 in Necromancy
  4748 | D:5      | Reached skill level 5 in Fighting
  4768 | D:5      | Found a shimmering altar of Xom.
  4775 | D:5      | Found a glowing golden altar of the Shining One.
  4775 | D:5      | Found an opulent altar of Gozag.
  4777 | D:5      | Found a bloodstained altar of Trog.
  4777 | D:5      | Found a shimmering altar of Xom.
  4777 | D:5      | Found a shimmering altar of Xom.
  4939 | D:5      | Reached skill level 5 in Unarmed Combat
  5098 | D:6      | Noticed a two-headed ogre
  5117 | D:6      | Killed a two-headed ogre
  5117 | D:6      | Reached XP level 9. HP: 4/62 MP: 2/12
  5165 | D:6      | Found a staircase to the Ecumenical Temple.
  5436 | D:6      | Found a sparkling altar of Nemelex Xobeh.
  5711 | D:7      | Reached skill level 7 in Necromancy
  5760 | D:7      | HP: 2/62 [sky beast (6)]
  6078 | D:7      | Got an ancient flail
  6079 | D:7      | Identified the +7 flail "Dragon's Doom" {flame, rF- Int+6 Dex+6} (You found it on level 7 of the Dungeon)
  6684 | D:7      | Found a deep blue altar of Sif Muna.
  6707 | D:7      | Identified Sif Muna's Reference Book on Weightlessness
  6739 | D:7      | Reached ** piety under Kikubaaqudgha
  7169 | D:8      | Reached XP level 10. HP: 60/69 MP: 5/13
  7500 | D:8      | Reached skill level 8 in Necromancy
  7518 | D:8      | Learned a level 3 spell: Regeneration
  7682 | D:9      | Noticed aaab's ghost (novice DsBe)
  7694 | D:9      | Reached *** piety under Kikubaaqudgha
  7694 | D:9      | Identified Kikubaaqudgha's Guide on Unholy Rites (Kikubaaqudgha gifted it to you on level 9 of the Dungeon)
  7694 | D:9      | Received a gift from Kikubaaqudgha
  8449 | D:10     | Entered Level 10 of the Dungeon
  8478 | D:10     | Found Wauxzel's General Store.
  8485 | D:10     | Bought a scroll of fog for 28 gold pieces
  8485 | D:10     | Bought a scroll of teleportation for 42 gold pieces
  8624 | D:10     | Noticed a gargoyle
  8898 | D:10     | Killed a gargoyle
  8939 | D:10     | Noticed a kobold demonologist
  8952 | D:10     | Killed a kobold demonologist
  8970 | D:10     | Reached skill level 9 in Necromancy
  9013 | D:10     | Paralysed by a hornet for 2 turns
  9169 | D:10     | Found Mawoov's General Store.
  9175 | D:10     | Bought a potion of lignification for 42 gold pieces
  9177 | D:10     | Noticed Gastronok
  9202 | D:10     | Noticed a gargoyle
  9212 | D:10     | Killed a gargoyle
  9325 | D:10     | Reached XP level 11. HP: 47/78 MP: 2/14
  9689 | D:11     | Reached **** piety under Kikubaaqudgha
  9702 | D:11     | Noticed Josephine
  9703 | D:11     | Killed Josephine
 10012 | D:11     | Noticed Grum
 10037 | D:11     | Killed Grum
 10037 | D:11     | Reached skill level 10 in Necromancy
 10070 | D:11     | Noticed a white ugly thing
 10084 | D:11     | Noticed an orc knight
 10200 | D:11     | Noticed Sonja
 10219 | D:11     | Killed an orc knight
 10223 | D:11     | Killed Sonja
 10452 | D:11     | Noticed an oklob plant
 10946 | D:11     | Learned a level 6 spell: Death Channel
 11022 | D:11     | Reached skill level 5 in Spellcasting
 11090 | D:11     | Reached ***** piety under Kikubaaqudgha
 11097 | D:11     | Found a staircase to the Orcish Mines.
 11100 | D:11     | Noticed a manticore
 11106 | D:11     | Noticed a cyan ugly thing
 11107 | D:11     | Killed a manticore
 11111 | D:11     | Killed a cyan ugly thing
 11137 | D:11     | Found a staircase to the Lair.
 11151 | D:11     | Killed an oklob plant
 11222 | D:11     | Killed a white ugly thing
 11511 | Lair:1   | Entered Level 1 of the Lair of Beasts
 11629 | Lair:1   | Noticed an eight-headed hydra
 11917 | D:12     | Reached skill level 11 in Necromancy
 11942 | D:12     | Reached XP level 12. HP: 73/85 MP: 14/21
 12016 | D:12     | Noticed a four-headed hydra
 12034 | D:12     | Killed a four-headed hydra
 12072 | D:12     | Noticed a two-headed ogre
 12095 | D:12     | Noticed a two-headed ogre
 12101 | D:12     | Killed a two-headed ogre
 12122 | D:12     | Noticed Psyche
 12132 | D:12     | Killed Psyche
 12169 | D:12     | Noticed a five-headed hydra
 12172 | D:12     | Killed a five-headed hydra
 12177 | D:12     | Noticed a tengu warrior
 12184 | D:12     | Killed a tengu warrior
 12219 | D:12     | Noticed a tengu warrior
 12260 | D:12     | Noticed a two-headed ogre
 12369 | Orc:1    | Entered Level 1 of the Orcish Mines
 12524 | Orc:1    | Hit by a tomahawk thrown by an orc warrior

Vault maps used:
D:1:      saegor_arrival_miasma
D:2:      kennysheep_six_static_rooms, lemuel_doored_altar,
          makhleb_heckhound_becter, uniq_jessica
D:3:      kennysheep_the_goblin_king, dancing_weapons_uskayaw,
          gup_sewer_entry_pipe, tgw_kikubaaqudgha
D:4:      minitemple, uniq_sigmund
D:5:      basic_altar, first_bread, doesnt_xom_only_xom
D:6:      nemelex_xobeh_ov_fountains_minmay, temple_green
D:7:      led_sif_book
D:10:     serial_shops, kennysheep_little_box, nicolae_shop_stone,
          uniq_gastronok
D:11:     dpeg_oklobed_lair, david_orc_3, minmay_checkerbox, uniq_grum,
          uniq_josephine, uniq_sonja
D:12:     minmay_the_grid_3x2, portal_ice_cave_entry_ice_beasts, uniq_urug,
          uniq_snorg, uniq_psyche
Lair:1:   serial_forest, infiniplex_forest_straight_3,
          infiniplex_forest_lined_4_way, infiniplex_forest_clump_double,
          infiniplex_forest_corner_1, infiniplex_forest_straight_4,
          infiniplex_forest_straight_3, infiniplex_forest_clump_large
Sewer:    sewer_frog_island_02

Skill      XL: |  1  2  3  4  5  6  7  8  9 10 11 |
---------------+----------------------------------+-----
Necromancy     | 5 6 7 9 11 | 11.9
Fighting       | 1 2 3 4 5 6 8 9 |  9.1
Stealth        | 3 5 |  5.3
Unarmed Combat | 1 2 3 4 5 6 |  6.2
Dodging        | 3 4 6 7 8 9 |  9.2
Spellcasting   | 6 |  6.7

Action                   |  1- 3 |  4- 6 |  7- 9 | 10-12 || total
-------------------------+-------+-------+-------+-------++-------
Melee: Short sword       |     5 |       |       |       ||     5
       Unarmed           |     3 |    72 |   126 |       ||   201
       Constrict         |     9 |    41 |    35 |    52 ||   137
       Dagger            |    28 |   110 |       |       ||   138
       Tentacles         |     6 |    37 |    32 |    66 ||   141
       Punch             |     1 |     2 |     4 |    19 ||    26
       Flail             |       |       |    53 |   264 ||   317
Throw: Tomahawk          |       |       |     4 |       ||     4
       Javelin           |       |       |     1 |       ||     1
 Cast: Pain              |    15 |    15 |    31 |    32 ||    93
       Animate Skeleton  |     2 |    22 |    17 |    35 ||    76
       Vampiric Draining |     1 |    14 |    47 |    93 ||   155
       Control Undead    |       |       |       |    27 ||    27
       Regeneration      |       |       |       |     2 ||     2
       Death Channel     |       |       |       |    15 ||    15
Evoke: Wand              |       |       |    11 |    16 ||    27
  Use: Scroll            |       |     5 |     5 |     9 ||    19
       Potion            |       |       |       |     3 ||     3
 Stab: Sleeping          |     4 |    18 |    11 |    11 ||    44
       Distracted        |       |     1 |       |     3 ||     4
       Invisible         |       |       |       |     1 ||     1
       Paralysed         |       |       |       |     2 ||     2
  Eat: Chunk             |     2 |     9 |    17 |    24 ||    52
       Fruit             |       |       |       |     6 ||     6
       Meat ration       |       |       |       |     1 ||     1
       Royal jelly       |       |       |       |     1 ||     1
Armor: Skin              |     1 |    16 |     5 |     3 ||    25
Dodge: Dodged            |    11 |   109 |   164 |   335 ||   619

Table legend:
 A = Spawn XP
 B = Non-spawn XP
 C = Spawn XP percentage of total XP
 D = Spawn monster count
 E = Non-spawn monster count
 F = Spawn count percentage of total count
 G = Total turns spent on level
                    A         B        C        D         E        F      G
               +---------+---------+-------+---------+---------+-------+---------
         Total |    2687 |   19983 |  11.9 |      42 |     308 |  12.0 | 12524
               +---------+---------+-------+---------+---------+-------+---------
           D:1 |       0 |      12 |   0.0 |       0 |       7 |   0.0 |  1005
           D:2 |       2 |     116 |   1.7 |       2 |      18 |  10.0 |   860
           D:3 |      18 |     262 |   6.4 |       4 |      35 |  10.3 |  1092
           D:4 |       8 |     393 |   2.0 |       3 |       9 |  25.0 |   678
           D:5 |      14 |    1166 |   1.2 |       2 |      17 |  10.5 |   899
           D:6 |       9 |    1051 |   0.8 |       3 |       7 |  30.0 |   673
           D:7 |     185 |     690 |  21.1 |      11 |      15 |  42.3 |  1336
           D:8 |     342 |    1275 |  21.2 |       4 |      27 |  12.9 |  1332
           D:9 |       0 |     444 |   0.0 |       0 |      10 |   0.0 |   246
          D:10 |     696 |    3246 |  17.7 |       2 |      30 |   6.2 |  1063
          D:11 |     919 |    6153 |  13.0 |       9 |      50 |  15.3 |  2140
          D:12 |     425 |    3608 |  10.5 |       1 |      24 |   4.0 |   451
        Lair:1 |      69 |     813 |   7.8 |       1 |       7 |  12.5 |   256
         Orc:1 |       0 |     594 |   0.0 |       0 |       6 |   0.0 |    30
         Sewer |       0 |     160 |   0.0 |       0 |      46 |   0.0 |   463
               +---------+---------+-------+---------+---------+-------+---------
